 Dungeon Crawl Stone Soup version 0.25-a0-287-g56a5b49892 (webtiles) character file.

Game seed: 8218074657911182746, levelgen mode: deterministic

12 MoonlitKnight the Charmwright (level 2, -1/22 HPs)
             Began as a Merfolk Skald on Dec 12, 2019.
             Slain by a hobgoblin
             ... wielding a +0 club
             ... led by Robin
              (7 damage)
             ... on level 2 of the Dungeon.
             The game lasted 00:01:07 (82 turns).

MoonlitKnight the Charmwright (Merfolk Skald)         Turns: 82, Time: 00:01:07

Health: -1/22      AC:  3    Str: 11    XL:     2   Next: 33%
Magic:  2/5        EV: 13    Int: 12    God:
Gold:   6          SH:  0    Dex: 13    Spells: 4/5 levels left

rFire    . . .     SeeInvis .   a - +0 spear
rCold    . . .     Gourm    .   (no shield)
rNeg     . . .     Faith    .   b - +0 leather armour
rPois    .         Spirit   .   (no helmet)
rElec    .         Reflect  .   (no cloak)
rCorr    .         Harm     .   (no gloves)
MR       .....                  (no boots)
Stlth    +.........             (no amulet)
HPRegen  0.07/turn              (no ring)
MPRegen  0.09/turn              (no ring)

@: no status effects
A: change form in water, swift swim, stealthy swim
a: no special abilities


You were on level 2 of the Dungeon.
You were not hungry.

You visited 1 branch of the dungeon, and saw 2 of its levels.

You collected 6 gold pieces.

Inventory:

Hand Weapons
 a - a +0 spear (weapon)
Armour
 b - a +0 leather armour (worn)
Scrolls
 e - a scroll of enchant weapon {unknown}
Comestibles
 c - a chunk of flesh
 d - a ration


   Skills:
 - Level 2.1 Fighting
 + Level 3.4 Polearms
 - Level 0.6 Armour
 + Level 3.2 Dodging
 - Level 2.0 Spellcasting
 + Level 3.5 Charms


You had 4 spell levels left.
You knew the following spells:

 Your Spells              Type           Power        Failure   Level  Hunger
a - Infusion              Chrm           #...         9%          1    ##.....

Your spell library contained the following spells:

 Spells                   Type           Power        Failure   Level  Hunger
 Song of Slaying          Chrm           #.......     12%         2    ###....
 Shroud of Golubria       Chrm/Tloc      #.....       26%         2    ###....
 Regeneration             Chrm/Necr      #.........   45%         3    ####...
 Spectral Weapon          Hex/Chrm       #.......     45%         3    ####...


Dungeon Overview and Level Annotations

Branches:
Dungeon (1/15)

Altars:
Ashenzari

Annotations:
D:2 Robin


Message History

Robin is nearby!
Things that are here:
a +0 club; 4 stones Robin shouts!
You open the door.
You start resting.
Found a shattered altar of Ashenzari.
A hobgoblin comes into view. It is wielding a +0 club.
The hobgoblin moves out of view.
You hit Robin but do no damage. Robin barely misses you.
You hit Robin.
Robin is lightly wounded.
Robin roars a battlecry!
The hobgoblin goes into a battle-frenzy!
You hear a shout!
You closely miss Robin.
Robin is lightly wounded.
Robin barely misses you.
You barely miss the hobgoblin. The hobgoblin hits you with a +0 club!
You die...

#. #. #.##
#...
#..##### .
#.#...#....
#.'@g.'..._
#.g...#....
#)##### g..
#.)).# .
###..# #(.#
#.g†.....g
#.....#g..
#.....#


You could see Robin and a hobgoblin.

Vanquished Creatures
  6 goblins (D:2)
  3 hobgoblins
  A frilled lizard (D:1)
10 creatures vanquished.

Notes
Turn   | Place    | Note
-------+----------+-------------------------------------------
     0 | D:1      | MoonlitKnight the Merfolk Skald began the quest for the
                  | Orb.
     0 | D:1      | Reached XP level 1. HP: 16/16 MP: 3/3
    32 | D:1      | You fall into a shaft and drop 1 floor!
    48 | D:2      | Reached XP level 2. HP: 18/22 MP: 0/5
    70 | D:2      | Noticed Robin
    77 | D:2      | Found a shattered altar of Ashenzari.
    82 | D:2      | Slain by a hobgoblin

Levels and vault maps discovered:
D:1:      lightli_arrival_flooded_house, layout_basic
D:2:      layout_rooms, evilmike_ruin_ashenzari, lemuel_coloured_pillars_altar,
          chequers_ecumenical_altar_simple, uniq_robin

Skill      XL: |  1 |
---------------+----+-----
Dodging        | 3 |  3.2
Fighting       | |  2.1
Polearms       | |  3.4
Armour         | |  0.6
Spellcasting   | |  2.0
Charms         | |  3.5

Action                   || total
-------------------------++-------
Melee: Spear             ||    26
 Cast: Infusion          ||     2
Armor: Leather armour    ||     2
Dodge: Dodged            ||     8

Table legend:
 A = Non-vault XP
 B = Vault XP
 C = Vault XP percentage of total XP
 D = Non-vault monster count
 E = Vault monster count
 F = Vault count percentage of total count
                 A         B        C        D         E       F
            +---------+---------+-------+---------+---------+-------
      Total |       3 |      15 |  83.3 |       2 |       8 |  80.0
            +---------+---------+-------+---------+---------+-------
        D:1 |       3 |       0 |   0.0 |       2 |       0 |   0.0
        D:2 |       0 |      15 | 100.0 |       0 |       8 | 100.0
            +---------+---------+-------+---------+---------+-------
